 Dungeon Sprint DCSS version 0.17-a0-1651-gae1a69f (webtiles) character file.

263 Kidiri the Covert (level 5, 0/24 HPs)
             Began as a Spriggan Enchanter on Aug 14, 2015.
             Splashed by a jelly's acid (4 damage)
             ... in the Dungeon (Sprint III: "The Ten Rune Challenge").
             The game lasted 00:02:57 (442 turns).

Kidiri the Covert (Spriggan Enchanter)               Turns: 442, Time: 00:02:57

Health: 0/24       AC:  7    Str:  4    XL:     5   Next: 97%
Magic:  0/15       EV: 25    Int: 14    God:
Gold:   23         SH:  0    Dex: 18    Spells: 5 memorised, 6 levels left

rFire  . . .     SeeInvis +     a - +1 dagger
rCold  + . .     Clarity  .     b - +1 robe
rNeg   . . .     SustAt   .     (shield restricted)
rPois  .         Gourm    .     (helmet restricted)
rElec  .         Spirit   .     (no cloak)
rCorr  .         Warding  .     (gloves unavailable)
rMut   .         NoTele   +     (boots unavailable)
MR     .....                    (no amulet)
Stlth  +++++.....               (no ring)
                                (no ring)

@: very slightly contaminated, very quick, not resistant to hostile
enchantments, quite stealthy
A: unfitting armour, antennae 1, iridescent scales 1, see invisible, cold
resistance 1, dopey 1, herbivore 3, speed 3, slow metabolism 2, MP-powered wands
a: no special abilities


You were in the Dungeon.
You were not hungry.

You visited 1 branch You collected 23 gold pieces.

Inventory:

Hand weapons
 a - a +1 dagger (weapon)
Armour
 b - a +1 robe (worn)
Scrolls
 j - a scroll of blinking
 l - a scroll of holy word
 n - 2 scrolls of remove curse
 r - a scroll of immolation
 s - a scroll of fog {unknown}
Potions
 e - a potion of curing
 f - 2 potions of heal wounds
 h - 2 potions of magic
 i - a potion of berserk rage
 p - a potion of cure mutation {unknown}
 q - 4 potions of flight
Comestibles
 d - a bread ration
 o - 3 fruits
 t - a royal jelly


   Skills:
 + Level 4.3 Short Blades
 * Level 8.8 Dodging
 * Level 10.0 Stealth
 * Level 7.4 Spellcasting
 + Level 2.1 Conjurations
 + Level 5.9 Hexes
 + Level 2.5 Ice Magic


You had 6 spell levels left.
You knew the following spells:

 Your Spells              Type           Power        Failure   Level  Hunger
a - Corona                Hex            ###....      1%          1    None
b - Ensorcelled Hibernat  Hex/Ice        ###...       3%          2    None
c - Confuse               Hex            ###.....     4%          3    ##.....
d - Tukima's Dance        Hex            ###.....     4%          3    ##.....
e - Dazzling Spray        Conj/Hex       ###.....     10%         3    ##.....


Dungeon Overview and Level Annotations

Branches:
Dungeon (1/1)

Altars:


Innate Abilities, Weirdness & Mutations

You are tiny and cannot use many weapons and most armour.
You have supernaturally acute eyesight.
You are a herbivore.
You cover ground extremely quickly.
You need consume almost no food.
You have a pair of small antennae on your head.
You are partially covered in iridescent scales (AC +4).
Your flesh is cold resistant.
You are dopey. (Int -2)
You expend magic power (3 MP) to strengthen your wands.


Message History

There is a fountain of clear blue water here.
There is an open door to the Ecumenical Temple here.
Casting: Ensorcelled Hibernation
Confirm with . or Enter, or press ? or * to list all spells.
Aiming: Ensorcelled Hibernation
Press: ? - help, Shift-Dir - straight line, f/p - jelly
Aim: a jelly (lightly wounded, chance to defeat MR: 56%)
The jelly resists with significant effort.
Casting: Ensorcelled Hibernation
Confirm with . or Enter, or press ? or * to list all spells.
Aiming: Corona
Press: ? - help, Shift-Dir - straight line, f/p - jelly
Aim: a jelly (lightly wounded, chance to defeat MR: 68%)
The jelly barely resists.
You hit the jelly.
Your hands burn!
* * * LOW HITPOINT WARNING * * *
The jelly is moderately wounded.
The jelly completely misses you.
You hit the jelly.
Your hands burn!
You die...

▓▓▓▓▓▓▓▓▓ ▓▓▓ ▓<..#...####
##.# ▓...#......#####..#
▓..##.......#:.#..#
▓##.##.##...#..#..###+#+###+##
##.##.###..##+#..#..........#
▓#.####.##..###.@J'.⌠........#
▓.###..##..####...#...######'#
▓#..%..##..###....#.⌠.# #...#
###..##...##.....#...# #...#
##..##....#......#+### #...#
#..###..##.#.....# #..%+ #..#
#..#####....# +...# ▓▓▓▓ ▓▓▓▓
▓▓▓▓▓▓ ▓▓▓▓▓


You could see a jelly.

Vanquished Creatures
  A shadow (D)
  A water elemental (D)
  A wolf (D)
  A human (D)
  An ooze (D)
  3 rats (D)
8 creatures vanquished.

Vanquished Creatures (others)
  A draconian scorcher (D)
  A yaktaur (D)
2 creatures vanquished.

Grand Total: 10 creatures vanquished

Notes
Turn   | Place    | Note
--------------------------------------------------------------
     0 | D        | Kidiri the Spriggan Enchanter began the quest for the Orb.
     0 | D        | Reached XP level 1. HP: 9/9 MP: 5/5
    13 | D        | Reached skill level 5 in Stealth
    74 | D        | Noticed a wolf
    77 | D        | Killed a wolf
    77 | D        | Reached skill level 5 in Dodging
    77 | D        | Reached skill level 6 in Stealth
    77 | D        | Reached XP level 2. HP: 13/13 MP: 6/8
    77 | D        | Reached XP level 3. HP: 16/16 MP: 7/10
    94 | D        | Learned a level 2 spell: Ensorcelled Hibernation
    98 | D        | Learned a level 3 spell: Confuse
   102 | D        | Learned a level 3 spell: Tukima's Dance
   116 | D        | Reached skill level 7 in Stealth
   116 | D        | Reached skill level 5 in Spellcasting
   126 | D        | Learned a level 3 spell: Dazzling Spray
   141 | D        | Gained mutation: You are partially covered in iridescent scales (AC +4). [potion of mutation]
   141 | D        | Gained mutation: You have a pair of small antennae on your head. [potion of mutation]
   142 | D        | Gained mutation: Your flesh is cold resistant. [potion of mutation]
   142 | D        | Gained mutation: You are dopey. (Int -2) [potion of mutation]
   142 | D        | Gained mutation: You expend magic power (3 MP) to strengthen your wands. [potion of mutation]
   152 | D        | Noticed a water elemental
   155 | D        | Killed a water elemental
   155 | D        | Reached skill level 8 in Stealth
   155 | D        | Reached skill level 1 in Conjurations
   155 | D        | Reached skill level 5 in Hexes
   155 | D        | Reached skill level 1 in Ice Magic
   155 | D        | Reached XP level 4. HP: 21/21 MP: 7/12
   185 | D        | Killed a yaktaur
   197 | D        | Noticed a jelly
   198 | D        | Noticed a shadow
   243 | D        | Killed a shadow
   243 | D        | Reached skill level 10 in Stealth
   243 | D        | Reached XP level 5. HP: 11/24 MP: 2/15
   401 | D        | Killed a white draconian scorcher
   442 | D        | Splashed by a jelly's acid

Vault maps used:
D:        dungeon_sprint_mu

Action                   |  1- 3 |  4- 6 || total
-------------------------+-------+-------++-------
Melee: Dagger            |    10 |    32 ||    42
 Cast: Ensorcelled Hiber |     1 |     9 ||    10
       Dazzling Spray    |       |     5 ||     5
       Corona            |       |     3 ||     3
  Use: Scroll            |     3 |       ||     3
       Potion            |     2 |     2 ||     4
 Stab: Sleeping          |     6 |       ||     6
